 Dungeon Crawl Stone Soup version 0.24.0-13-gcf9b319 (webtiles) character file.

Game seed: 236017864595756338, levelgen mode: deterministic

25 Bronimir the Gusty (level 3, 0/19 HPs)
             Began as a Tengu Air Elementalist on Mar 29, 2020.
             Succumbed to an adder's poison
             ... on level 2 of the Dungeon.
             The game lasted 00:02:09 (971 turns).

Bronimir the Gusty (Tengu Air Elementalist)          Turns: 971, Time: 00:02:09

Health: 0/19       AC:  2    Str:  8    XL:     3   Next: 4%
Magic:  1/7        EV: 13    Int: 16    God:
Gold:   49         SH:  0    Dex: 14    Spells: 5/6 levels left

rFire    + . .     SeeInvis .   b - +1 hunting sling (freeze)
rCold    + . .     Gourm    .   (no shield)
rNeg     . . .     Faith    .   d - +0 robe
rPois    .         Spirit   .   (helmet restricted)
rElec    .         Reflect  .   (no cloak)
rCorr    .         Harm     .   (no gloves)
MR       .....                  (boots unavailable)
Stlth    ++........             (no amulet)
HPRegen  0.06/turn              (no ring)
MPRegen  0.10/turn              (no ring)

@: lethally poisoned (0 -> -11)
A: beak, talons 3, cold resistance 1, fire resistance 1, subdued magic 1
a: no special abilities


You were on level 2 of the Dungeon.
You were hungry.

You visited 1 branch of the dungeon, and saw 2 of its levels.

You collected 49 gold pieces.

Inventory:

Hand Weapons
 a - a +0 mace
 b - a +1 hunting sling of freezing (weapon)
 e - a +4 dagger
Missiles
 i - 45 stones (quivered)
 j - 23 poisoned darts
 k - 24 arrows
 l - 28 bolts
Armour
 d - a +0 robe (worn)
Scrolls
 f - a scroll of remove curse {unknown}
 h - a scroll of magic mapping {unknown}
Comestibles
 c - 2 rations


   Skills:
 + Level 2.9 Dodging
 - Level 2.0 Stealth
 + Level 2.0 Spellcasting
 * Level 1.7 Conjurations
 * Level 4.7 Air Magic


You had 5 spell levels left.
You knew the following spells:

 Your Spells              Type           Power        Failure   Level  Hunger
a - Shock                 Conj/Air       #...         4%          1    #......

Your spell library contained the following spells:

 Spells                   Type           Power        Failure   Level  Hunger
 Swiftness                Chrm/Air       #.......     10%         2    ###....
 Static Discharge         Conj/Air       #.......     14%         3    ###....
 Airstrike                Air            ##........   24%         4    #####..
 Lightning Bolt           Conj/Air       #.........   80%         5    ######.


Dungeon Overview and Level Annotations

Branches:
Dungeon (2/15)

Altars:

Annotations:
D:2 Terence


Innate Abilities, Weirdness & Mutations

You have a beak for a mouth.
You have claws for feet.
Your flesh is cold resistant. (rC+)
Your flesh is heat resistant. (rF+)
Your spells are a little easier to cast, but a little less powerful.


Message History

The adder poisons you! The adder misses you.
Firing (i - inventory. (/) - cycle)
i - 46 stones (quivered)
Press: ? - help, Shift-Dir - straight line, f - adder
Aim: an adder (almost dead)
You shoot a stone. The stone hits the adder!
The stone freezes the adder.
You kill the adder!
You have reached level 3!
Your experience leads to an increase in your attributes!
Increase (S)trength, (I)ntelligence, or (D)exterity?
You feel clever.
* * * LOW HITPOINT WARNING * * *
You feel sick.
There is a lethal amount of poison in your body!
It was a potion of mutation.
You feel extremely strange.
You feel resistant to cold.
Your connection to magic feels subdued.
You feel resistant to heat.
* * * LOW HITPOINT WARNING * * *
You feel sick.
There is a lethal amount of poison in your body!
You die...

### .<. #.#
#.# #(######
#@.....# #. #
######.# #. .
#.# #. # #.#
#. # ##.###.##
##
#..##...#####.
#.###.#.......
#.# #...).†...
#.# ##.#######


There were no monsters in sight!

Vanquished Creatures
  An adder (D:2)
  A dart slug (D:1)
  A bat (D:1)
  A giant cockroach (D:2)
  A goblin (D:1)
  2 hobgoblins
  2 jackals (D:1)
  A frilled lizard (D:2)
  4 rats
14 creatures vanquished.

Notes
Turn   | Place    | Note
-------+----------+-------------------------------------------
     0 | D:1      | Bronimir the Tengu Air Elementalist began the quest for the
                  | Orb.
     0 | D:1      | Reached XP level 1. HP: 10/10 MP: 4/4
   450 | D:1      | Reached XP level 2. HP: 14/15 MP: 0/6
   768 | D:2      | Noticed Terence
   969 | D:2      | Reached XP level 3. HP: 3/19 MP: 1/7
   970 | D:2      | Gained mutation: Your flesh is cold resistant. (rC+)
                  | [potion of mutation]
   970 | D:2      | Gained mutation: Your spells are a little easier to cast,
                  | but a little less powerful. [potion of mutation]
   970 | D:2      | Gained mutation: Your flesh is heat resistant. (rF+)
                  | [potion of mutation]
   971 | D:2      | Succumbed to an adder's poison

Levels and vault maps discovered:
D:1:      dpeg_arrival_pond, layout_basic
D:2:      layout_loops_ring, uniq_terence

Action                   || total
-------------------------++-------
Melee: Mace              ||    12
       Kick              ||     2
 Fire: Hunting sling     ||     9
 Cast: Shock             ||    22
  Use: Potion            ||     1
Armor: Robe              ||     4
Dodge: Dodged            ||    20
